 Dungeon Crawl Stone Soup version 0.26-a0-1126-g3318b609a0 (webtiles) character file.

Game seed: 976718030340507171

3315 dududu the Basher (level 9, -5/73 HPs)
             Began as a Palentonga Abyssal Knight on Dec 17, 2020.
             Was a Priest of Lugonu.
             Slain by a manticore (9 damage)
             ... on level 8 of the Dungeon.
             The game lasted 00:37:42 (8031 turns).

dududu the Basher (Palentonga Abyssal Knight)       Turns: 8031, Time: 00:37:43

Health: -5/73      AC: 19    Str: 18    XL:     9   Next: 71%
Magic:  14/15      EV:  5    Int: 13    God:    Lugonu [***...]
Gold:   376        SH:  0    Dex: 10    Spells: 8/8 levels left

rFire    + . .     SeeInvis +   a - +1 mace (drain)
rCold    . . .     Faith    .   (no shield)
rNeg     . . .     Spirit   .   v - +0 chain mail
rPois    .         Reflect  .   x - +0 helmet
rElec    .         Harm     .   e - +1 cloak
rCorr    .         Rampage  .   l - +0 pair of gloves
Will     .....                  (no barding)
Stlth    ..........             (no amulet)
HPRegen  0.22/turn              f - ring of protection from fire
MPRegen  0.14/turn              (no ring)

@: barbed spikes, curled up
A: large, rugged brown scales 3, see invisible, deformed body, roll 1, armoured
tail, reflexive curl
a: Rolling Charge, Renounce Religion, Depart the Abyss, Bend Space, Banish


You were on level 8 of the Dungeon.
You worshipped Lugonu.
Lugonu was most pleased with you.
You visited 1 branch of the dungeon, and saw 8 of its levels.
You visited the Abyss 1 time.
You also visited: Sewer.

You collected 439 gold pieces.
You spent 63 gold pieces at shops.

Inventory:

Hand Weapons
 a - a +1 mace of draining (weapon)
 b - a +0 hunting sling
 n - a +1 dagger of venom
 E - a +1 mace
Missiles
 i - 265 stones
 s - 5 atropa-tipped darts
 F - 10 poisoned darts
Armour
 e - a +1 cloak (worn)
 l - a +0 pair of gloves (worn)
 p - a +0 ring mail
 v - a +0 chain mail (worn)
 x - a +0 helmet (worn)
 B - the cursed +0 ring mail "Yzey" {Str+3}
   (You found it on level 6 of the Dungeon)

   It affects your strength (+3).
   It has a curse placed upon it.
 C - a cursed +0 scale mail
Jewellery
 f - a ring of protection from fire (left hand)
Wands
 k - a wand of random effects (23)
 H - a wand of flame (21)
Scrolls
 c - 2 scrolls of amnesia {unknown}
 j - a scroll of fog {unknown}
 o - 2 scrolls of enchant weapon {unknown}
 r - 2 scrolls of identify
 t - 3 scrolls of teleportation
 w - 5 scrolls of remove curse
 y - a scroll of blinking {unknown}
 A - 2 scrolls of random uselessness {unknown}
 G - 2 scrolls of enchant armour {unknown}
Potions
 d - 2 potions of might
 g - a potion of flight
 h - 2 potions of haste
 m - 3 potions of cancellation
 q - 2 potions of curing
 u - 2 potions of mutation
 z - a potion of magic {unknown}
 D - 2 potions of lignification
 I - a potion of invisibility {unknown}


   Skills:
 - Level 3.1 Fighting
 * Level 11.5 Maces & Flails
 - Level 2.4 Armour
 - Level 1.0 Dodging
 + Level 8.1 Invocations


You had 8 spell levels left.
You didn't know any spells.
Your spell library contained the following spells:

 Spells                   Type           Power        Failure   Level
 Corona                   Hex            0%           99%         1
 Ensorcelled Hibernation  Hex/Ice        0%           99%         2
 Confusing Touch          Hex            0%           100%        3
 Dazzling Flash           Conj/Hex       0%           100%        3
 Tukima's Dance           Hex            0%           100%        3
 Irradiate                Conj/Tmut      0%           100%        5
 Hydra Form               Tmut           0%           100%        6
 Statue Form              Tmut/Erth      0%           100%        6
 Dragon Form              Tmut           0%           100%        7


Dungeon Overview and Level Annotations

Branches:
Dungeon (8/15)             Temple (0/1) D:7           Sewer (visited)
   Lair: D:8-11

Altars:
Cheibriados
Dithmenos
Gozag
Uskayaw
Yredelemnul

Shops:
D:4 [

Annotations:
D:8 2 runed translucent doors, Gastronok
Abyss:1 Joseph, Psyche


Innate Abilities, Weirdness & Mutations

You are completely covered in rugged brown scales. (AC +3, +7% HP)
You have supernaturally acute eyesight. (SInv)
Armour fits poorly on your strangely shaped body.
You can roll at nearby foes to attack.
You have a long armoured tail.
You curl defensively after being hit.


Message History

The manticore flicks its tail.
The volley of spikes hits you.
The barbed spikes become lodged in your body.
Evoke which item? (* to show all) (? for menu, Esc to quit)
Okay, then.
The barbs in your skin will harm you if you move.
Continue?
Okay, then.
The manticore flicks its tail.
The volley of spikes hits you!
The barbed spikes become lodged in your body.
You closely miss the manticore. The manticore bites you!
* * * LOW HITPOINT WARNING * * *
The manticore claws you but does no damage. x2
You hit the manticore but do no damage. You hit the manticore.
The manticore is lightly wounded.
The manticore bites you!
* * * LOW HITPOINT WARNING * * *
The manticore barely misses you. The manticore claws you!
You die...

#.#....# #...# #..# #..
#.#....######.# #...# #..# #..
#.'....'......# #...# #..# #.#
###....######## #...# #..# #.#
............# #...####++####.#
###########.# ###..$8#..#8...# #
#.# ##...':...'...#
###########.#######....8####8...#
................@H...............
###########.#############.#.#####
# #...............# #...# #
###.###.#######(# #.### # #.# #.#
#.# #.# #######.# #.# #.# #.#
........# #.# ##.#####.#
######### #># #........# # #.#
##########


You could see a manticore.

Vanquished Creatures
  A water moccasin (Sewer)
  An ice beast (D:6)
  4 ogres
  A sky beast (D:8)
  A phantom (D:8)
  A centaur (D:5)
  2 bullfrogs
  3 killer bees (D:7)
  2 bullfrog zombies (D:7)
  A quasit (D:8)
  2 orc priests
  2 hounds
  A bullfrog skeleton (D:7)
  4 orc wizards
  A centaur skeleton (D:7)
  An iguana (D:7)
  7 worker ants
  2 hound skeletons
  7 gnolls
  15 adders
  A river rat (D:3)
  2 white imps
  An ufetubus (D:5)
  5 oozes
  2 worms
  4 dart slugs
  6 leopard geckos
  11 orcs
  12 bats
  7 giant cockroaches
  6 goblins
  7 hobgoblins
  6 jackals
  2 quokkas
  A ball python (D:5)
  3 frilled lizards (D:1)
  8 kobolds
  A leopard gecko skeleton (D:6)
  8 rats
152 creatures vanquished.

Vanquished Creatures (others)
  An unseen horror (D:8)
1 creature vanquished.

Grand Total: 153 creatures vanquished

Notes
Turn   | Place    | Note
-------+----------+-------------------------------------------
     0 | Abyss:1  | dududu the Palentonga Abyssal Knight began the quest for
                  | the Orb.
     0 | Abyss:1  | Reached XP level 1. HP: 20/20 MP: 2/2
    56 | Abyss:1  | Noticed a large abomination
    65 | Abyss:1  | Noticed a large abomination
    80 | D:1      | Escaped the Abyss
   165 | D:1      | Reached skill level 1 in Dodging
   219 | D:1      | Reached * piety under Lugonu
   220 | D:1      | Reached XP level 2. HP: 27/27 MP: 3/3
   502 | D:1      | Reached skill level 3 in Maces & Flails
   662 | D:2      | Reached XP level 3. HP: 29/33 MP: 4/4
   999 | D:2      | Found a snail-covered altar of Cheibriados.
  1041 | D:2      | Reached ** piety under Lugonu
  1201 | D:2      | Reached skill level 4 in Maces & Flails
  1201 | D:2      | Reached XP level 4. HP: 40/40 MP: 5/5
  1805 | D:3      | Found a hide-covered altar of Uskayaw.
  1942 | D:3      | Found a glowing drain.
  1946 | Sewer    | Entered a sewer
  1989 | Sewer    | Noticed a water moccasin
  2013 | Sewer    | Killed a water moccasin
  2014 | Sewer    | Reached skill level 5 in Maces & Flails
  2014 | Sewer    | Reached XP level 5. HP: 46/48 MP: 6/6
  2437 | D:3      | Reached skill level 6 in Maces & Flails
  2793 | D:3      | Reached XP level 6. HP: 54/54 MP: 7/7
  3085 | D:4      | Found Iniletwa's Armour Shoppe.
  3093 | D:4      | Bought a +0 helmet for 63 gold pieces
  3434 | D:4      | Reached *** piety under Lugonu
  3841 | D:5      | Entered Level 5 of the Dungeon
  3845 | D:5      | Gained mutation: You curl defensively after being hit.
                  | [Palentonga growth]
  3845 | D:5      | Reached XP level 7. HP: 57/60 MP: 9/9
  4446 | D:5      | Reached skill level 7 in Maces & Flails
  4905 | D:6      | Got a twisted ring mail
  5527 | D:6      | Reached skill level 8 in Maces & Flails
  5749 | D:7      | Reached XP level 8. HP: 61/67 MP: 11/11
  5871 | D:7      | Identified the cursed +0 ring mail "Yzey" {Str+3} (You
                  | found it on level 6 of the Dungeon)
  5909 | D:6      | Reached skill level 5 in Invocations
  6292 | D:7      | Reached skill level 9 in Maces & Flails
  6334 | D:7      | Noticed a troll
  6337 | D:7      | Reached **** piety under Lugonu
  6337 | D:7      | Banished a troll
  6449 | D:7      | Found a staircase to the Ecumenical Temple.
  6879 | D:8      | Found a large runed translucent door.
  6879 | D:8      | Found a large runed translucent door.
  6879 | D:8      | Noticed a manticore
  6880 | D:8      | Noticed an unseen horror
  6880 | D:8      | Noticed a centaur warrior
  6958 | D:8      | Noticed Joseph
  6984 | D:8      | Banished Joseph
  6985 | D:8      | Reached skill level 10 in Maces & Flails
  6985 | D:8      | Reached XP level 9. HP: 22/73 MP: 8/13
  7257 | D:8      | Noticed Psyche
  7267 | D:8      | Noticed Gastronok
  7273 | D:8      | Banished Psyche
  7605 | D:8      | Found an opulent altar of Gozag.
  7608 | D:8      | Found a shadowy altar of Dithmenos.
  7912 | D:8      | Reached skill level 11 in Maces & Flails
  7969 | D:8      | Found a basalt altar of Yredelemnul.
  8025 | D:8      | Killed an unseen horror
  8031 | D:8      | Slain by a manticore

Illustrated notes

Levels and vault maps discovered:
D:1:      dpeg_arrival_leaves_temple_mockup, layout_rooms
D:2:      layout_basic, kennysheep_slug_shrine, fountainhead
D:3:      layout_basic, lemuel_crystal_altar, gup_sewer_entry_bowl
D:4:      layout_basic, serial_shops,
          nicolae_shop_temple_entry_statues_fountains
D:5:      layout_basic
D:6:      layout_loops_corners
D:7:      layout_loops_cross, minmay_temple_entry_antechambers
D:8:      layout_basic, nicolae_overflow_crystal_walls,
          grunt_temple_overflow_open, serial_shops, kennysheep_mini_moat,
          jmf_multi_god_temple2, uniq_gastronok, uniq_psyche, uniq_joseph

Skill      XL: |  1  2  3  4  5  6  7  8  9 |
---------------+----------------------------+-----
Dodging        | 1 |  1.0
Maces & Flails | 3 4 5 6 8 10 11 | 11.5
Invocations    | 3 4 6 8 |  8.1
Armour         | 2 |  2.4
Fighting       | |  3.1

Action                   |  1- 3 |  4- 6 |  7- 9 || total
-------------------------+-------+-------+-------++-------
Melee: Mace              |    79 |   169 |   342 ||   590
       Tailslap          |     4 |    11 |    28 ||    43
 Fire: Hunting sling     |    20 |     3 |       ||    23
Throw: Dart              |       |     2 |       ||     2
Invok: Depart the Abyss  |     1 |       |       ||     1
       Bend Space        |       |     1 |       ||     1
       Banish            |       |       |     5 ||     5
 Abil: Rolling Charge    |    15 |    19 |    42 ||    76
Evoke: Wand              |       |       |     1 ||     1
  Use: Potion            |       |     3 |     1 ||     4
       Scroll            |       |     7 |     6 ||    13
Armor: Leather armour    |    31 |    34 |       ||    65
       Skin              |       |    22 |       ||    22
       Ring mail         |       |     9 |       ||     9
       Chain mail        |       |    42 |   240 ||   282
Dodge: Dodged            |    45 |    56 |    70 ||   171

Table legend: (Time is in decaauts)
 A = Elapsed time spent in this place.
 B = Non-inter-level travel time spent in this place.
 C = Inter-level travel time spent in this place.
 D = Time resting spent in this place.
 E = Time spent auto-exploring this place.
 F = Levels seen in this place.
 G = Mean time per level.
                   A        B        C        D        E       F      G
               +--------+--------+--------+--------+--------+-----+--------+
         Total |   8068 |   7800 |    268 |    677 |   4538 |  10 |  806.8 |
       Dungeon |   7763 |   7495 |    268 |    581 |   4517 |   8 |  970.4 |
         Abyss |     80 |     80 |      0 |      0 |      0 |   1 |   80.0 |
         Sewer |    223 |    223 |      0 |     96 |     21 |   1 |  223.0 |
               +--------+--------+--------+--------+--------+-----+--------+

Top non-repeatable levels by time:
     D:8: 1230 daAuts
     D:6: 1152 daAuts
     D:3: 1090 daAuts
     D:2: 960 daAuts
     D:4: 959 daAuts
     D:7: 941 daAuts
     D:5: 856 daAuts
     D:1: 573 daAuts
   Sewer: 223 daAuts
 Abyss:1: 80 daAuts
